 Dungeon Crawl Stone Soup version 0.25-a0-248-g18654cfe15 (webtiles) character file.

Game seed: 8758888205505124812, levelgen mode: deterministic

1997 Roikka the Sneak (level 9, -2/45 HPs)
             Began as a Kobold Enchanter on Dec 4, 2019.
             Was an Initiate of Dithmenos.
             Slain by Pikel
             ... wielding a +2 whip of flaming
              (6 damage)
             ... on level 6 of the Dungeon.
             The game lasted 00:26:58 (7492 turns).

Roikka the Sneak (Kobold Enchanter)                 Turns: 7492, Time: 00:26:59

Health: -2/45      AC: 17    Str:  7    XL:     9   Next: 45%
Magic:  16/16      EV: 17    Int: 16    God:    Dithmenos [......]
Gold:   251        SH:  0    Dex: 17    Spells: 9/18 levels left

rFire    + . .     SeeInvis .   B - +1 whip of Contradiction {protect, *Slow rC+++ MR++ Stlth-} (curse)
rCold    + + +     Gourm    .   (shield restricted)
rNeg     . . .     Faith    .   m - +1 leather armour {rF+}
rPois    .         Spirit   .   A - +1 helmet
rElec    .         Reflect  .   z - +0 cloak
rCorr    .         Harm     .   w - +0 pair of gloves
MR       ++...                  c - +1 pair of boots
Stlth    +++.......             y - amulet of regeneration
HPRegen  0.55/turn              l - ring of flight
MPRegen  0.15/turn              (no ring)

@: protection aura
A: small, carnivore
a: Renounce Religion, Evoke Flight


You were on level 6 of the Dungeon.
You worshipped Dithmenos.
Dithmenos was noncommittal.
You were full.

You visited 2 branches of the dungeon, and saw 7 of its levels.

You collected 296 gold pieces.
You spent 45 gold pieces at shops.

Inventory:

Hand Weapons
 a - a +1 dagger
 b - a +1 rapier of flaming
 t - a +0 short sword of holy wrath
 B - the cursed +1 whip of Contradiction (weapon) {protect, *Slow rC+++ MR++ Stlth-}
   (You found it on level 6 of the Dungeon)

   It grants its wielder temporary protection when it strikes (+7 to AC).
   It renders you almost immune to cold.
   It affects your resistance to hostile enchantments.
   It may slow you when you take damage.
   It makes you less stealthy.
   It has a curse placed upon it.
Missiles
 f - 13 poisoned darts (quivered)
Armour
 c - a +1 pair of boots (worn)
 m - a +1 leather armour of fire resistance (worn)
 w - a +0 pair of gloves (worn)
 z - a +0 cloak (worn)
 A - a +1 helmet (worn)
Jewellery
 l - a ring of flight (left hand)
 y - an amulet of regeneration (around neck)
Wands
 g - a wand of digging (3)
 o - a wand of random effects (7)
Scrolls
 h - 3 scrolls of fog
 k - 6 scrolls of teleportation
 v - a scroll of identify
Potions
 e - 4 potions of brilliance {unknown}
 i - 3 potions of mutation {unknown}
 j - a potion of resistance {unknown}
 n - 2 potions of magic
 p - 2 potions of invisibility {unknown}
 r - a potion of ambrosia {unknown}
 s - a potion of flight {unknown}
 u - a potion of degeneration {unknown}
 x - 2 potions of curing {unknown}
Comestibles
 d - 6 rations


   Skills:
 + Level 6.2 Short Blades
 + Level 0.9 Armour
 - Level 6.0 Dodging
 + Level 7.9 Stealth
 + Level 5.2 Spellcasting
 + Level 7.0 Hexes
 - Level 2.0 Ice Magic


You had 9 spell levels left.
You knew the following spells:

 Your Spells              Type           Power        Failure   Level  Hunger
a - Corona                Hex            ####...      1%          1    None
b - Ensorcelled Hibernat  Hex/Ice        ###...       4%          2    #......
c - Confuse               Hex            ####....     3%          3    ###....
d - Tukima's Dance        Hex            ####....     3%          3    ###....

Your spell library contained the following spells:

 Spells                   Type           Power        Failure   Level  Hunger
 Slow                     Hex            ####....     1%          2    #......
 Cause Fear               Hex            ####......   12%         4    ####...
 Dazzling Flash           Conj/Hex       ###...       16%         3    ###....
 Inner Flame              Hex/Fire       ###.....     16%         3    ###....
 Portal Projectile        Hex/Tloc       ###...       16%         3    ###....
 Beastly Appendage        Tmut           #.....       22%         1    None
 Sticks to Snakes         Tmut           #.......     32%         2    #......
 Leda's Liquefaction      Hex/Erth       ###.......   45%         4    ####...
 Spider Form              Tmut/Pois      #.........   54%         3    ###....
 Ice Form                 Ice/Tmut       #.......     82%         4    ####...
 Blade Hands              Tmut           #.........   99%         5    ######.


Dungeon Overview and Level Annotations

Branches:
Dungeon (6/15)             Temple (1/1) D:6

Altars:
Cheibriados
Dithmenos
Gozag
Hepliaklqana
Kikubaaqudgha
Makhleb
Nemelex Xobeh
Okawaru
Qazlal
Ru
Sif Muna
Trog
Uskayaw
Vehumet
Wu Jian
Xom
Yredelemnul
Zin
The Shining One

Shops:
D:6 [

Annotations:
D:6 Pikel


Innate Abilities, Weirdness & Mutations

You are small and have problems with some larger weapons.
You are carnivorous and can eat meat at any time.


Message History

Pikel hits you with a +2 whip of flaming.
* * * LOW HITPOINT WARNING * * *
Pikel burns you.
* * * LOW HITPOINT WARNING * * *
You hit Pikel but do no damage.
Pikel is almost dead.
Pikel hits you but does no damage.
You hit Pikel.
Pikel is almost dead.
Pikel misses you.
You hit Pikel but do no damage.
Pikel is almost dead.
Pikel hits you but does no damage.
You hit Pikel but do no damage.
Pikel is almost dead.
Pikel hits you but does no damage.
You barely miss Pikel.
Pikel is almost dead.
Pikel hits you with a +2 whip of flaming.
You die...

###### #....# ##### #....#
#.... ## #....# ######
#....
.####....#############....#
#....
.'..'...........@Kpp.'....#
#....
.####.....############....#
#.... .# #.....#
#....####### .# #..)..#
#รท.K....# # ## #.....#
##......# # # #.....#
#...p..# # # ##....#
#......# # # #....#
#.....p# # #
############......####


You could see Pikel and 2 slaves.

Vanquished Creatures
  Grinder (D:6)
  Prince Ribbit (D:5)
  Sigmund (D:3)
  Eustachio (D:4)
  2 slaves
  Duvessa (D:4)
  An ogre (D:4)
  A phantom (D:5)
  An ice beast (D:5)
  2 scorpions
  Dowan (D:4)
  A killer bee (D:4)
  A howler monkey (D:6)
  A crimson imp (D:6)
  2 hounds
  A quasit (D:6)
  A bullfrog skeleton (D:5)
  3 orc wizards
  An orc priest (D:4)
  Crazy Yiuf (D:5)
  3 worker ants
  2 hound skeletons (D:4)
  2 gnolls (D:5)
  9 adders
  2 oozes (D:1)
  An adder skeleton (D:4)
  4 worms
  3 dart slugs
  6 leopard geckos
  7 orcs
  10 bats
  3 giant cockroaches
  8 goblins
  4 hobgoblins
  8 jackals
  A quokka (D:6)
  4 frilled lizards
  6 kobolds
  A leopard gecko zombie (D:5)
  A quokka skeleton (D:5)
  11 rats
  A plant (D:6)
122 creatures vanquished.

Vanquished Creatures (collateral kills)
  Edmund (D:3)
  A gnoll (D:5)
2 creatures vanquished.

Grand Total: 124 creatures vanquished

Notes
Turn   | Place    | Note
-------+----------+-------------------------------------------
     0 | D:1      | Roikka the Kobold Enchanter began the quest for the Orb.
     0 | D:1      | Reached XP level 1. HP: 10/10 MP: 3/3
   138 | D:1      | Reached XP level 2. HP: 15/15 MP: 3/5
   202 | D:1      | Learned a level 2 spell: Ensorcelled Hibernation
   578 | D:1      | Reached XP level 3. HP: 18/19 MP: 6/6
  1212 | D:2      | Reached skill level 1 in Ice Magic
  1230 | D:2      | Learned a level 3 spell: Confuse
  1245 | D:2      | Reached XP level 4. HP: 23/24 MP: 7/7
  1870 | D:2      | Reached XP level 5. HP: 28/28 MP: 6/9
  2264 | D:3      | Reached skill level 5 in Stealth
  2264 | D:3      | Reached XP level 6. HP: 32/32 MP: 7/10
  2309 | D:3      | Learned a level 3 spell: Tukima's Dance
  2359 | D:3      | Noticed Sigmund
  3365 | D:3      | Killed Sigmund
  3365 | D:3      | Reached XP level 7. HP: 32/36 MP: 9/12
  3873 | D:4      | Noticed Duvessa
  3873 | D:4      | Noticed Dowan
  4093 | D:4      | Noticed Edmund
  4108 | D:3      | Killed Edmund
  4108 | D:3      | Reached skill level 5 in Hexes
  4413 | D:4      | Killed Dowan
  4599 | D:4      | Reached XP level 8. HP: 34/41 MP: 6/13
  4606 | D:4      | Killed Duvessa
  4926 | D:4      | Noticed Eustachio
  4931 | D:4      | Killed Eustachio
  4931 | D:4      | Reached skill level 5 in Dodging
  4938 | D:4      | Found a glowing golden altar of the Shining One.
  5127 | D:4      | Found a glowing golden altar of the Shining One.
  5314 | D:5      | Entered Level 5 of the Dungeon
  5322 | D:5      | Reached skill level 5 in Short Blades
  5666 | D:5      | Noticed Prince Ribbit
  5678 | D:5      | Killed Prince Ribbit
  5678 | D:5      | Reached XP level 9. HP: 31/45 MP: 12/16
  6285 | D:5      | Found a runed translucent door.
  6286 | D:5      | Noticed Crazy Yiuf
  6298 | D:5      | Killed Crazy Yiuf
  6437 | D:6      | Noticed Grinder
  6454 | D:6      | Killed Grinder
  6454 | D:6      | Reached skill level 5 in Spellcasting
  6459 | D:6      | Found Dolonaho's Armour Shoppe.
  6469 | D:6      | Bought a +0 helmet for 45 gold pieces
  6695 | D:6      | Found a staircase to the Ecumenical Temple.
  6701 | Temple   | Entered the Ecumenical Temple
  6867 | Temple   | Became a worshipper of Dithmenos the Shadowed
  6965 | D:6      | Found a shimmering altar of Xom.
  7063 | D:6      | Noticed Pikel
  7268 | D:6      | Got a scorched whip
  7269 | D:6      | Identified the cursed +1 whip of Contradiction {protect,
                  | *Slow rC+++ MR++ Stlth-} (You found it on level 6 of the
                  | Dungeon)
  7487 | D:6      | HP: 2/45 [Pikel/+2 whip of flaming (3)]
  7492 | D:6      | Slain by Pikel

Levels and vault maps discovered:
D:1:      roderic_octagonal_star, layout_rooms
D:2:      layout_loops_ring
D:3:      layout_basic, uniq_sigmund
D:4:      layout_rooms, tso_oasis_becter, tso_metal_star, uniq_eustachio,
          uniq_edmund, uniq_duvessa
D:5:      kennysheep_big_flooded_room, layout_basic, first_ration,
          eino_small_chamber_without_monster, uniq_prince_ribbit1,
          uniq_crazy_yiuf_cottage
D:6:      layout_basic, minmay_temple_entry_gardened_gates, serial_shops, shop,
          tgw_xom, uniq_grinder, uniq_pikel
Temple:   dpeg_five_rooms_temple

Skill      XL: |  1  2  3  4  5  6  7  8  9 |
---------------+----------------------------+-----
Short Blades   | 2 3 4 5 6 |  6.2
Ice Magic      | 1 2 |  2.0
Dodging        | 3 4 5 6 |  6.0
Stealth        | 5 6 7 |  7.9
Spellcasting   | 3 4 5 |  5.2
Hexes          | 4 5 6 7 |  7.0
Armour         | |  0.9

Action                   |  1- 3 |  4- 6 |  7- 9 || total
-------------------------+-------+-------+-------++-------
Melee: Dagger            |   135 |   180 |    58 ||   373
       Rapier            |       |       |   192 ||   192
       Whip              |       |       |   134 ||   134
       Short sword       |       |       |    25 ||    25
 Cast: Corona            |     8 |       |       ||     8
       Ensorcelled Hiber |     3 |    20 |    51 ||    74
       Tukima's Dance    |       |       |     4 ||     4
       Confuse           |       |       |     7 ||     7
Evoke: Wand              |       |       |     3 ||     3
  Use: Scroll            |       |     1 |    10 ||    11
       Potion            |       |       |     1 ||     1
 Stab: Sleeping          |     7 |    17 |    29 ||    53
       Confused          |       |       |     3 ||     3
  Eat: Chunk             |    10 |     7 |    14 ||    31
Armor: Robe              |    35 |     3 |       ||    38
       Leather armour    |       |    45 |   101 ||   146
Dodge: Dodged            |   137 |   174 |   258 ||   569

Table legend:
 A = Non-vault XP
 B = Vault XP
 C = Vault XP percentage of total XP
 D = Non-vault monster count
 E = Vault monster count
 F = Vault count percentage of total count
                 A         B        C        D         E       F
            +---------+---------+-------+---------+---------+-------
      Total |    1428 |    1426 |  50.0 |     111 |      10 |   8.3
            +---------+---------+-------+---------+---------+-------
        D:1 |      47 |       0 |   0.0 |      22 |       0 |   0.0
        D:2 |     197 |       0 |   0.0 |      26 |       0 |   0.0
        D:3 |     227 |     378 |  62.5 |      30 |       2 |   6.2
        D:4 |     332 |     451 |  57.6 |       9 |       4 |  30.8
        D:5 |     406 |     307 |  43.1 |      17 |       3 |  15.0
        D:6 |     219 |     290 |  57.0 |       7 |       1 |  12.5
            +---------+---------+-------+---------+---------+-------
